 Dungeon Crawl Stone Soup version 0.26-a0-958-gf3041fb45f (webtiles) character file.

Game seed: 8338296720568622669

95 miscthings the Vexing (level 4, -15/30 HPs)
             Began as a Vampire Enchanter on Nov 30, 2020.
             Demolished by an ogre
             ... wielding a +0 giant spiked club
              (31 damage)
             ... on level 4 of the Dungeon.
             The game lasted 00:02:40 (929 turns).

miscthings the Vexing (Vampire Enchanter)            Turns: 929, Time: 00:02:40

Health: -15/30     AC:  2    Str:  8    XL:     4   Next: 39%
Magic:  6/8        EV: 12    Int: 23    God:
Gold:   102        SH:  0    Dex: 14    Spells: 5/8 levels left

rFire    . . .     SeeInvis +   g - +2 dagger (venom)
rCold    . . .     Faith    .   (no shield)
rNeg     . . .     Spirit   .   b - +0 robe
rPois    .         Reflect  .   (no helmet)
rElec    .         Harm     .   (no cloak)
rCorr    .         Rampage  .   (no gloves)
MR       .....                  (no boots)
Stlth    +++.......             (no amulet)
HPRegen  0.30/turn              f - +6 ring of intelligence
MPRegen  0.11/turn              (no ring)

@: regenerating quickly
A: fangs 3, see invisible, unbreathing
a: Exsanguinate


You were on level 4 of the Dungeon.
You visited 1 branch of the dungeon, and saw 4 of its levels.

You collected 102 gold pieces.

Inventory:

Hand Weapons
 g - a +2 dagger of venom (weapon)
Armour
 b - a +0 robe (worn)
 n - a cursed +0 ring mail
Jewellery
 f - a +6 ring of intelligence (left hand)
Wands
 m - a wand of digging (7)
Scrolls
 c - 2 scrolls of identify {unknown}
 d - 2 scrolls of fear {unknown}
 e - a scroll of enchant armour {unknown}
 j - a scroll of magic mapping {unknown}
Potions
 a - a potion of degeneration {unknown}
 h - 2 potions of curing {unknown}
 i - a potion of mutation {unknown}
 k - a potion of heal wounds {unknown}
 l - a potion of lignification {unknown}
 o - a potion of flight {unknown}


   Skills:
 - Level 1.1 Short Blades
 - Level 2.1 Dodging
 - Level 4.4 Stealth
 + Level 2.9 Spellcasting
 + Level 6.8 Hexes


You had 5 spell levels left.
You knew the following spells:

 Your Spells              Type           Power        Failure   Level
a - Ensorcelled Hibernat  Hex/Ice        ###...       4%          2
b - Corona                Hex            ####...      1%          1

Your spell library contained the following spells:

 Spells                   Type           Power        Failure   Level
 Confusing Touch          Hex            ####....     2%          3
 Tukima's Dance           Hex            ####....     2%          3
 Dazzling Flash           Conj/Hex       ###...       9%          3


Dungeon Overview and Level Annotations

Branches:
Dungeon (4/15)
 Temple: D:4-7

Altars:
Qazlal

Annotations:
D:3 Sigmund


Innate Abilities, Weirdness & Mutations

Your natural rate of healing is unusually fast.
You have razor-sharp teeth.
You have supernaturally acute eyesight. (SInv)
You can survive without breathing.


Message History

There is a stone staircase leading down here.
You climb downwards.
An ogre comes into view. It is wielding a +0 giant spiked club.
Found 13 gold pieces and a scroll labelled NEUSCH ERIOPIS.
There is a stone staircase leading up here.
The ogre closely misses you.
You hit the ogre.
The ogre is poisoned.
You bite the ogre.
The ogre is lightly wounded.
Casting: Ensorcelled Hibernation (safe; 4% risk of failure)
Confirm with . or Enter, or press ? or * to list all spells.
Aiming: Ensorcelled Hibernation (safe; 4% risk of failure)
Press: ? - help, Shift-Dir - straight line, f - ogre
Aim: an ogre, wielding a +0 giant spiked club (moderately wounded, very poisoned, chance to defeat MR: 50%)
The ogre resists with some effort.
The ogre hits you with a +0 giant spiked club!
You hit the ogre.
The ogre looks as sick as possible!
The ogre is moderately wounded.
The ogre hits you with a +0 giant spiked club!!
Ouch! That really hurt!
You die...

..########
.........#
.........#
.$.....
#...#
##..<#
#....#
#....+
#.@..#
##O..#
#...#
......
.......#
.......#
.......#
.......##


You could see an ogre (extremely poisoned).

Vanquished Creatures
  A hound (D:3)
  An adder (D:2)
  A worm (D:2)
  2 dart slugs
  5 giant cockroaches
  A goblin (D:2)
  6 hobgoblins
  6 jackals
  A quokka (D:2)
  9 bats
  A frilled lizard (D:2)
  6 kobolds
  4 rats
44 creatures vanquished.

Notes
Turn   | Place    | Note
-------+----------+-------------------------------------------
     0 | D:1      | miscthings the Vampire Enchanter began the quest for the
                  | Orb.
     0 | D:1      | Reached XP level 1. HP: 13/13 MP: 3/3
    58 | D:1      | Reached skill level 5 in Hexes
    60 | D:1      | Reached XP level 2. HP: 19/19 MP: 5/5
    63 | D:1      | Learned a level 2 spell: Ensorcelled Hibernation
   484 | D:2      | Reached XP level 3. HP: 22/24 MP: 3/6
   579 | D:2      | Reached skill level 6 in Hexes
   596 | D:2      | Found a stormy altar of Qazlal.
   877 | D:3      | Reached XP level 4. HP: 30/30 MP: 8/8
   907 | D:3      | Noticed Sigmund
   923 | D:4      | Noticed an ogre
   929 | D:4      | Demolished by an ogre

Illustrated notes

Levels and vault maps discovered:
D:1:      scummos_arrival_simple_crosswalls, layout_rooms, serial_bayou_pond_c
D:2:      layout_basic, nicolae_qazlal_general_emergency,
          kennysheep_generic_room_9
D:3:      layout_basic, old_standard_altar, gammafunk_ghost_cemetery,
          grunt_decor_arrowhead, uniq_ijyb, uniq_jessica, uniq_sigmund,
          uniq_grinder
D:4:      layout_gridville, minmay_temple_entry_glassed_door, uniq_eustachio

Skill      XL: |  1  2  3 |
---------------+----------+-----
Hexes          | 5 6 |  6.8
Short Blades   | |  1.1
Dodging        | |  2.1
Stealth        | |  4.4
Spellcasting   | |  2.9

Action                   |  1- 3 |  4- 6 || total
-------------------------+-------+-------++-------
Melee: Dagger            |   102 |     3 ||   105
       Bite              |     8 |     1 ||     9
 Cast: Ensorcelled Hiber |     8 |     1 ||     9
 Stab: Sleeping          |    17 |     1 ||    18
Armor: Robe              |    27 |       ||    27
Dodge: Dodged            |    69 |     2 ||    71

Table legend: (Time is in decaauts)
 A = Elapsed time spent in this place.
 B = Non-inter-level travel time spent in this place.
 C = Inter-level travel time spent in this place.
 D = Time resting spent in this place.
 E = Time spent auto-exploring this place.
 F = Levels seen in this place.
 G = Mean time per level.
                   A        B        C        D        E       F      G
               +--------+--------+--------+--------+--------+-----+--------+
         Total |    924 |    895 |     29 |      0 |    529 |   4 |  231.0 |
       Dungeon |    924 |    895 |     29 |      0 |    529 |   4 |  231.0 |
               +--------+--------+--------+--------+--------+-----+--------+

Top non-repeatable levels by time:
     D:1: 430 daAuts
     D:2: 424 daAuts
     D:3: 63 daAuts
     D:4: 5 daAuts
